Map: [ESL] Alcyone

Players

Has

  • Race: Protoss Protoss
  • Spawn Location: 1:00

Cyan - Winner!

  • Race: Protoss Protoss
  • Spawn Location: 7:00

Event: ESL SC2 Masters 2024 Spring (Regional)

VOD

Have the link to the VOD?

Description

Time

  • Played on: April 14, 2024, 7:31 a.m.
  • Length: 7:57

All games in this series

Show
View Real Time Build Order
Export as new Build Order

Has Protoss 

Build Orders: Blink Stalkers 

Get SALT Encoding   

  12  0:00  Probe  
  13  0:12  Probe  
  14  0:17  Pylon  
  14  0:24  Probe (Chrono Boost)  
  16  0:37  Probe (Chrono Boost), Gateway  
  16  0:42  Assimilator  
  16  0:43  Probe  
  17  0:51  Assimilator  
  17  0:55  Probe  
  18  1:04  Gateway  
  18  1:07  Probe (Chrono Boost)  
  20  1:19  Probe (Chrono Boost)  
  20  1:24  Probe (Chrono Boost)  
  21  1:26  Cybernetics Core  
  21  1:31  Pylon  
  21  1:34  Probe  
  22  1:46  Probe  
  23  1:58  Probe  
  24  2:02  Warp Gate, Stalker x2  
  28  2:09  Pylon  
  28  2:12  Probe  
  29  2:23  Pylon  
  29  2:28  Twilight Council  
  29  2:36  Stalker  
  31  2:43  Stalker  
  33  2:54  Shield Battery  
  33  2:59  Blink (Chrono Boost)  
  33  3:17  Gateway  
  33  3:30  Gateway  
  33  3:45  Pylon  
  33  3:50  Stalker  
  33  3:51  Stalker  
  37  4:02  Nexus  
  37  4:15  Stalker x2  
  41  4:24  Robotics Facility  
  42  4:33  Stalker  
  42  4:41  Stalker  
  42  4:45  Pylon  
  44  4:52  Stalker  
  46  5:00  Probe  
  46  5:05  Shield Battery  
  47  5:08  Observer  
  47  5:10  Stalker  
  52  5:23  Stalker  
  52  5:25  Stalker  
  54  5:29  Probe  
  55  5:42  Stalker  
  55  5:47  Stalker  
  57  5:52  Pylon  
  57  5:59  Pylon  
  56  6:18  Stalker  
  56  6:19  Stalker x2  
  56  6:25  Shield Battery  
  48  6:54  Stalker  
  15  7:18  Stalker  
Show
View Real Time Build Order
Export as new Build Order

Cyan Protoss - Winner!

Build Orders:  

Get SALT Encoding   

  12  0:00  Probe  
  13  0:12  Probe  
  14  0:18  Pylon  
  14  0:24  Probe (Chrono Boost)  
  15  0:37  Probe (Chrono Boost), Gateway  
  16  0:44  Probe (Chrono Boost)  
  16  0:46  Assimilator  
  17  0:51  Probe  
  17  0:55  Assimilator  
  18  1:03  Probe (Chrono Boost)  
  19  1:08  Gateway  
  19  1:15  Probe (Chrono Boost)  
  20  1:21  Probe (Chrono Boost)  
  20  1:25  Cybernetics Core  
  21  1:29  Probe  
  22  1:34  Pylon  
  22  1:41  Probe  
  23  1:53  Probe  
  24  2:02  Adept  
  24  2:03  Adept  
  28  2:08  Stargate  
  28  2:16  Pylon  
  28  2:18  Probe  
  28  2:21  Warp Gate  
  29  2:32  Stalker  
  29  2:34  Stalker  
  33  2:40  Probe  
  33  2:43  Robotics Facility  
  34  3:01  Gateway  
  34  3:02  Stalker  
  34  3:05  Stalker  
  38  3:15  Pylon  
  38  3:24  Pylon  
  37  3:27  Warp Prism (Chrono Boost)  
  37  3:28  Shield Battery  
  39  3:56  Immortal (Chrono Boost)  
  43  4:04  Pylon  
  43  4:09  Sentry  
  45  4:10  Sentry  
  47  4:23  Stalker  
  49  4:27  Immortal (Chrono Boost)  
  53  4:35  Pylon  
  53  4:40  Stalker  
  55  4:54  Pylon  
  55  5:00  Stalker  
  55  5:01  Observer, Stalker  
  60  5:17  Stalker  
  62  5:23  Stalker  
  62  5:25  Stalker  
  66  5:33  Pylon  
  66  5:55  Adept x3  
  72  5:58  Pylon  
  72  6:23  Stalker x3  
  73  6:46  Stalker x3  
  35  7:12  Stalker  
Tags
 
Add a new tag
Caveats
  • Supply blocks, unpowered buildings, or Contaminate may cause inaccurate times.
  • Supply counts are checked every 10 seconds.